 Dungeon Crawl Stone Soup version 0.24.1-11-gbbbb2193e6 (webtiles) character file.

Game seed: 17832633746295941985, levelgen mode: deterministic

52430 sking99 the Impaler (level 14, 0/86 HPs)
             Began as a Demonspawn Monk on May 15, 2020.
             Was an Elder of Fedhas.
             Killed from afar by a wretched star (17 damage)
             ... with an orb of energy
             ... on level 2 of the Abyss.
             The game lasted 01:07:07 (22701 turns).

sking99 the Impaler (Demonspawn Monk)              Turns: 22701, Time: 01:07:09

Health: 0/86       AC: 19    Str: 23    XL:     14   Next: 27%
Magic:  19/19      EV: 13    Int: 17    God:    Fedhas [****..]
Gold:   1129       SH:  0    Dex: 20    Spells: 13/13 levels left

rFire    . . .     SeeInvis .   X - +2 bardiche (venom)
rCold    . . .     Gourm    .   (shield currently unavailable)
rNeg     . . .     Faith    .   U - +1 plate armour
rPois    .         Spirit   .   t - +2 helmet
rElec    .         Reflect  .   n - +2 cloak
rCorr    .         Harm     .   M - +0 pair of gloves {Str+3}
MR       +....                  (boots unavailable)
Stlth    ..........             (no amulet)
HPRegen  0.24/turn              Q - +3 ring of slaying
MPRegen  0.16/turn              S - ring of Entrepreneurial Spirit {Str+8 Int+4}

@: agile, about to teleport
A: hooves 3, rugged brown scales 2, [blurry vision 1], [deformed body], [frail
3], [low mp 2], powered by pain 2, spiny 2, [weak 2], [no potion heal 2]
a: Wall of Briars, Grow Ballistomycete, Overgrow, Renounce Religion


You were on level 2 of the Abyss.
You worshipped Fedhas.
Fedhas was greatly pleased with you.
You were not hungry.

You visited 2 branches of the dungeon, and saw 16 of its levels.
You visited the Abyss 1 time.
You also visited: Gauntlet.

You collected 1129 gold pieces.

Inventory:

Hand Weapons
 X - a +2 bardiche of venom (weapon)
Armour
 n - a +2 cloak (worn)
 t - a +2 helmet (worn)
 z - a +0 cloak of poison resistance
 C - the +0 hat of Fun {*Corrode rC++}
   (You found it in a Gauntlet)

   It greatly protects you from cold.
   It may corrode you when you take damage.
 M - a +0 pair of gloves of strength (worn)
 U - a +1 plate armour (worn)
Jewellery
 h - a +4 ring of evasion {unknown}
 w - an uncursed ring of fire
 E - an uncursed ring of positive energy
 J - the ring "Tijy" {+Inv rElec rF+ MR- Dex+3}
   (You found it in a Gauntlet)

   [ring of dexterity]

   It affects your dexterity (+3).
   It protects you from fire.
   It insulates you from electricity.
   It affects your resistance to hostile enchantments.
   It lets you turn invisible.
 Q - a +3 ring of slaying (left hand)
 R - the ring of the Sturgeon {Ice rN+ Dex-5 Slay+3}
   (You found it in a Gauntlet)

   [ring of ice]

   It enhances your ice magic.
   It affects your dexterity (-5).
   It affects your accuracy and damage with ranged weapons and melee attacks
   (+3).
   It makes you vulnerable to fire.
   It protects you from cold.
   It protects you from negative energy.
 S - the ring of Entrepreneurial Spirit (right hand) {Str+8 Int+4}
   (You found it in a Gauntlet)

   [ring of intelligence]

   It affects your strength (+8).
   It affects your intelligence (+4).
Wands
 q - a wand of scattershot (7)
 D - a wand of iceblast (13)
 F - a wand of flame (64)
 H - a wand of paralysis (12)
 K - a wand of enslavement (12)
 O - a wand of acid (5)
Scrolls
 a - 3 scrolls of magic mapping
 b - 7 scrolls of teleportation
 d - 9 scrolls of immolation
 e - a scroll of fog {unknown}
 f - 2 scrolls of identify
 g - 10 scrolls of remove curse
 j - 10 scrolls of blinking
 u - 8 scrolls of amnesia
 y - a scroll of enchant weapon
Potions
 i - 4 potions of lignification
 k - 3 potions of magic
 l - 2 potions of cancellation
 m - 3 potions of invisibility
 o - 2 potions of ambrosia
 p - 3 potions of degeneration
 r - 8 potions of curing
 v - 2 potions of mutation
 A - a potion of flight
 B - 3 potions of agility
 I - 4 potions of haste
 P - a potion of resistance
 V - a potion of might {unknown}
Miscellaneous
 x - a phantom mirror
Comestibles
 c - 55 rations


   Skills:
 + Level 12.1 Fighting
 * Level 15.0 Polearms
 + Level 7.2 Armour
 - Level 2.7 Dodging
 - Level 1.7 Stealth
   Level 4.0 Shields
 + Level 14.6 Invocations


You had 13 spell levels left.
You didn't know any spells.
Your spell library contained the following spells:

 Spells                   Type           Power        Failure   Level  Hunger
 Infusion                 Chrm           #...         98%         1    ##.....
 Sandblast                Erth           #.....       98%         1    ##.....
 Summon Small Mammal      Summ           #...         98%         1    ##.....
 Call Imp                 Summ           #.......     99%         2    ###....
 Ensorcelled Hibernation  Hex/Ice        #.....       99%         2    ###....
 Passwall                 Tmut/Erth      #.......     99%         2    ###....
 Call Canine Familiar     Summ           #.......     100%        3    ####...
 Gell's Gravitas          Tloc           #.........   100%        3    ####...
 Stone Arrow              Conj/Erth      #.....       100%        3    ####...
 Summon Guardian Golem    Hex/Summ       #.......     100%        3    ####...
 Petrify                  Tmut/Erth      #.......     100%        4    #####..
 Summon Ice Beast         Ice/Summ       #.......     100%        4    #####..
 Summon Lightning Spire   Summ/Air       #.......     100%        4    #####..
 Borgnjor's Vile Clutch   Necr/Erth      #.........   100%        5    ######.
 Lee's Rapid Deconstruct  Erth           #.........   100%        5    ######.
 Silence                  Hex/Air        #.........   100%        5    ######.
 Darkness                 Hex            #.........   100%        6    #######
 Deflect Missiles         Chrm/Air       #.........   100%        6    #######
 Shadow Creatures         Summ           N/A          100%        6    #######
 Malign Gateway           Summ/Tloc      #.........   100%        7    #######


Dungeon Overview and Level Annotations

Branches:
Dungeon (10/15)            Temple (0/1) D:4            Lair (6/6) D:8
 Shoals (0/4) Lair:3       Spider (0/4) Lair:4        Slime (0/5) Lair:6
Gauntlet (visited)
    Orc: D:9-12

Altars:
Ashenzari
Cheibriados
Fedhas
Nemelex Xobeh
Sif Muna
Trog
Uskayaw
Vehumet
Yredelemnul
The Shining One
Jiyva

Shops:
D:4 *


Innate Abilities, Weirdness & Mutations

You have hooves in place of feet.
You are mostly covered in rugged brown scales. (AC +2, +5% HP)
You sometimes gain power by taking damage.
You are mostly covered in sharp spines.
[Scrolls take you a little longer to read.]
[Armour fits poorly on your strangely shaped body.]
[You are extremely frail. (-30% HP)]
[Your magical capacity is very low. (-20% MP)]
[You are very weak. (Str -4)]
[Potions are poor at restoring your health.]


Message History

The starspawn's tentacles wither and die.
You feel the corruption within you wane somewhat.
You feel a little healthier.
You feel healthier.
Your vision sharpens a little.
Your Polearms skill increases to level 15!
The wretched star pulses with an eldritch light!
Your system partially rejects the healing effects of potions.
Your system mostly rejects the healing effects of potions.
You slash the wretched star! You kick the wretched star.
The wretched star is heavily damaged.
You closely miss the wretched star.
You kick the wretched star, but do no damage.
The wretched star is heavily damaged.
You closely miss the wretched star.
You kick the wretched star, but do no damage.
The wretched star is heavily damaged.
A large abomination comes into view.
The wretched star glows turbulently.
The orb of energy hits you!
You die...
Fedhas appreciates your contribution to the ecosystem.

...#. # ..#..# # .# ..
...#.## .. ..#. #....
# . # . §..# .# ##.##
##.## # . ##...
##...## . . ....#....
#..@..#... ... .
..X.....*........ #
.#.##.###.#..####.....
#.. .#. # #. ##.# #...
. # ..# .# .#§.# .# #
..###... #.## # # .
.[#.# ##.#. # # ...#
#. #.# .#


You could see a wretched star and a large abomination (wandering).

Vanquished Creatures
  2 tentacled starspawn (Abyss:2)
  Gastronok (D:10)
  A dire elephant (Lair:6)
  Snorg (Lair:5)
  A minotaur (Gauntlet)
  4 hydras (Lair:6)
  2 catoblepae (Gauntlet)
  A two-headed ogre (D:8)
  A soul eater (Abyss:2)
  Nergalle (D:10)
  A sixfirhy (Abyss:2)
  13 elephants
  Joseph (D:7)
  A black mamba (Lair:6)
  2 molten gargoyles (Gauntlet)
  3 merfolk sirens (Lair:3)
  A smoke demon (Abyss:2)
  2 gargoyles (Gauntlet)
  An orange demon (Abyss:2)
  6 rime drakes
  10 spiny frogs
  5 komodo dragons
  An efreet (Gauntlet)
  A wolf spider simulacrum (Gauntlet)
  14 dream sheep
  6 hippogriffs
  18 blink frogs
  11 flying skulls (Gauntlet)
  A small abomination (Abyss:2)
  6 spriggans (Lair:5)
  2 centaur simulacra (Gauntlet)
  7 yaks
  3 basilisks
  A fire elemental (Gauntlet)
  A large abomination (Abyss:2)
  8 wyverns
  4 hogs (D:9)
  A human (D:9)
  A neqoxec (Abyss:2)
  Menkaure (D:5)
  An acid dragon (D:8)
  3 hell hounds (Gauntlet)
  13 water moccasins
  6 porcupines
  2 sky beasts
  2 ice beasts (D:9)
  A black bear (D:8)
  2 phantoms
  4 ogres
  An eye of draining (D:9)
  26 wolves
  2 centaurs
  13 crocodiles
  2 elf zombies (D:10)
  15 bullfrogs
  2 scorpions
  8 wights
  5 killer bees
  3 howler monkeys
  An electric eel (Lair:3)
  5 crimson imps
  A centaur zombie (D:6)
  3 human zombies (D:10)
  A hound (D:7)
  3 orc priests (D:8)
  5 orc wizards
  2 centaur skeletons
  2 iguanas
  14 hell rats
  5 worker ants
  3 mummies (D:10)
  A worker ant zombie (D:10)
  6 gnolls (D:7)
  10 adders
  2 river rats (Lair:2)
  2 shadow imps
  An ufetubus (Abyss:2)
  An adder zombie (D:9)
  A worm (D:4)
  An adder skeleton (D:5)
  A dart slug (D:1)
  8 leopard geckos
  16 orcs
  2 ball pythons
  3 bats
  5 giant cockroaches
  8 goblins
  10 hobgoblins
  6 jackals
  4 quokkas
  3 frilled lizards
  A jackal skeleton (D:4)
  8 kobolds
  2 leopard gecko skeletons
  2 orc zombies (D:10)
  A quokka zombie (D:9)
  14 rats
  A starspawn tentacle (Abyss:2)
424 creatures vanquished.

Vanquished Creatures (collateral kills)
  A hydra (Lair:6)
  An elephant (Lair:4)
  A molten gargoyle (Gauntlet)
  A gargoyle (Gauntlet)
  A spiny frog (Lair:6)
  8 flying skulls (Gauntlet)
  A meliai simulacrum (Gauntlet)
  An ice dragon simulacrum (Gauntlet)
  3 wights (D:9)
  Terence (D:2)
  A quokka skeleton (D:7)
  17 ballistomycete spores
37 creatures vanquished.

Vanquished Creatures (others)
  9 bushes (Lair:6)
  5 fungi
  A lurking horror (Abyss:2)
  5 plants (Lair:5)
  7 starspawn tentacles (Abyss:2)
27 creatures vanquished.

Grand Total: 488 creatures vanquished

Notes
Turn   | Place    | Note
-------+----------+-------------------------------------------
     0 | D:1      | sking99 the Demonspawn Monk began the quest for the Orb.
     0 | D:1      | Reached XP level 1. HP: 18/18 MP: 1/1
   348 | D:1      | Reached skill level 3 in Polearms
   348 | D:1      | Gained mutation: You have large cloven feet. [demonic
                  | ancestry]
   348 | D:1      | Reached XP level 2. HP: 17/24 MP: 2/2
  1153 | D:2      | Found a hide-covered altar of Uskayaw.
  1153 | D:2      | Noticed a +0 dagger
  1154 | D:2      | Noticed a +0 dagger
  1203 | D:2      | Found a blossoming altar of Fedhas.
  1217 | D:2      | Reached skill level 1 in Shields
  1217 | D:2      | Gained mutation: You have hoof-like feet. [demonic
                  | ancestry]
  1217 | D:2      | Reached XP level 3. HP: 21/29 MP: 3/3
  1590 | D:2      | Became a worshipper of Fedhas Madash
  1590 | D:2      | Reached * piety under Fedhas
  1590 | D:2      | Reached ** piety under Fedhas
  1805 | D:2      | Noticed Terence
  1869 | D:2      | Killed Terence
  1869 | D:2      | Reached XP level 4. HP: 24/35 MP: 0/4
  2821 | D:3      | Noticed an orc warrior
  2962 | D:3      | Reached skill level 1 in Invocations
  3160 | D:3      | Found a faded altar of an unknown god.
  3162 | D:3      | Reached skill level 4 in Polearms
  3280 | D:3      | Found a radiant altar of Vehumet.
  3545 | D:4      | Gained mutation: You have hooves in place of feet. [demonic
                  | ancestry]
  3545 | D:4      | Reached XP level 5. HP: 16/42 MP: 4/6
  3878 | D:4      | Found Acetu's General Store.
  3915 | D:4      | Reached *** piety under Fedhas
  4010 | D:4      | Found a staircase to the Ecumenical Temple.
  4257 | D:4      | Noticed an ogre
  4262 | D:4      | Killed an ogre
  4262 | D:4      | Gained mutation: You are partially covered in sharp spines.
                  | [demonic ancestry]
  4262 | D:4      | Reached XP level 6. HP: 18/48 MP: 7/7
  4454 | D:4      | Found a sparkling altar of Nemelex Xobeh.
  4509 | D:5      | Entered Level 5 of the Dungeon
  4847 | D:5      | Reached skill level 5 in Polearms
  5019 | D:5      | Noticed Menkaure
  5036 | D:5      | Killed Menkaure
  5036 | D:5      | Gained mutation: You are mostly covered in sharp spines.
                  | [demonic ancestry]
  5036 | D:5      | Reached XP level 7. HP: 55/55 MP: 9/9
  5905 | D:6      | Reached skill level 5 in Fighting
  5955 | D:6      | Found a snail-covered altar of Cheibriados.
  6029 | D:6      | Reached skill level 6 in Polearms
  6230 | D:7      | Reached XP level 8. HP: 62/62 MP: 11/11
  6340 | D:7      | Noticed Joseph
  6858 | D:7      | Reached skill level 5 in Invocations
  6894 | D:7      | Reached **** piety under Fedhas
  7137 | D:7      | You fall into a shaft and drop 2 floors!
  7400 | D:9      | Reached skill level 7 in Polearms
  7850 | D:9      | Gained mutation: You sometimes gain a little power by
                  | taking damage. [demonic ancestry]
  7850 | D:9      | Reached XP level 9. HP: 65/69 MP: 13/13
  7985 | D:9      | Found a shattered altar of Ashenzari.
  8010 | D:9      | Found a shimmering blue altar of Sif Muna.
  8190 | D:9      | Reached skill level 8 in Polearms
  8424 | D:10     | Entered Level 10 of the Dungeon
  8443 | D:10     | Noticed Nergalle
  8462 | D:10     | Killed Nergalle
  8462 | D:10     | Reached skill level 9 in Polearms
  8667 | D:10     | Noticed a komodo dragon
  8675 | D:10     | Killed a komodo dragon
  8675 | D:10     | Gained mutation: You are partially covered in rugged brown
                  | scales. (AC +1, +3% HP) [demonic ancestry]
  8675 | D:10     | Reached XP level 10. HP: 72/81 MP: 16/16
  8839 | D:10     | Noticed Gastronok
  8855 | D:10     | Killed Gastronok
  8855 | D:10     | Reached skill level 10 in Polearms
  9762 | D:8      | Noticed a two-headed ogre
  9777 | D:8      | Killed a two-headed ogre
  9777 | D:8      | Reached skill level 10 in Invocations
  9979 | D:8      | Found the +9 scales of the Dragon King {rPois rF+ rC+ MR+}
 10118 | D:8      | Found a glowing golden altar of the Shining One.
 10224 | D:8      | Reached skill level 11 in Polearms
 10224 | D:8      | Reached XP level 11. HP: 75/89 MP: 18/18
 10299 | D:8      | Found a staircase to the Lair.
 10755 | D:7      | Killed Joseph
 10755 | D:7      | Reached ***** piety under Fedhas
 10977 | D:7      | Found a basalt altar of Yredelemnul.
 10989 | D:7      | Found a bloodstained altar of Trog.
 11452 | D:10     | Found a basalt altar of Yredelemnul.
 11943 | Lair:1   | Entered Level 1 of the Lair of Beasts
 13490 | Lair:2   | Reached skill level 1 in Armour
 13820 | Lair:3   | Reached skill level 12 in Polearms
 14525 | Lair:3   | Reached skill level 10 in Fighting
 14579 | Lair:3   | Gained mutation: You sometimes gain power by taking damage.
                  | [demonic ancestry]
 14579 | Lair:3   | Reached XP level 12. HP: 91/99 MP: 20/20
 15375 | Lair:3   | Found a staircase to the Shoals.
 15934 | Lair:4   | Found a hole to the Spider Nest.
 16564 | Lair:5   | Found a gate leading to a gauntlet.
 16574 | Lair:5   | Reached skill level 13 in Polearms
 16714 | Gauntlet | Entered a Gauntlet
 16714 | Gauntlet | Found a transporter.
 16760 | Gauntlet | Found a transporter.
 16761 | Gauntlet | Found a transporter.
 16762 | Gauntlet | Found a transporter.
 16763 | Gauntlet | Found the +3 salamander hide armour {+Rage rF++}
 16765 | Gauntlet | Found a transporter.
 16766 | Gauntlet | Found a transporter.
 16768 | Gauntlet | Noticed a catoblepas
 16774 | Gauntlet | Found a transporter.
 16775 | Gauntlet | Found a transporter.
 16795 | Gauntlet | Found a transporter.
 16795 | Gauntlet | Noticed a catoblepas
 16812 | Gauntlet | Found a transporter.
 16816 | Gauntlet | Found a transporter.
 16820 | Gauntlet | Found a runed translucent door.
 16820 | Gauntlet | Found a runed translucent door.
 16824 | Gauntlet | Found a transporter.
 17261 | Gauntlet | Got a warped hat
 17470 | Gauntlet | Got a heavily runed granite ring
 17549 | Gauntlet | Killed a catoblepas
 17558 | Gauntlet | Got a transparent copper ring
 17847 | Gauntlet | Got a bound copper ring
 17879 | Gauntlet | Killed a catoblepas
 17879 | Gauntlet | Reached skill level 5 in Armour
 17879 | Gauntlet | Reached XP level 13. HP: 44/109 MP: 19/22
 18118 | Gauntlet | Noticed a minotaur
 18130 | Gauntlet | Killed a minotaur
 18134 | Gauntlet | Identified Etin's Disquisition on Dislocated Augmentations
 18294 | Gauntlet | Identified 2 scrolls of acquirement
 18315 | Gauntlet | Identified the cursed +0 hat of Fun {*Corrode rC++} (You
                  | found it in a Gauntlet)
 18336 | Gauntlet | Identified the ring "Tijy" {+Inv rElec rF+ MR- Dex+3} (You
                  | found it in a Gauntlet)
 18338 | Gauntlet | Identified the ring of the Sturgeon {Ice rN+ Dex-5 Slay+3}
                  | (You found it in a Gauntlet)
 18340 | Gauntlet | Identified the ring of Entrepreneurial Spirit {Str+8 Int+4}
                  | (You found it in a Gauntlet)
 18362 | Gauntlet | Found the +3 warlock's mirror {reflect}
 18393 | Lair:5   | Noticed Snorg
 18401 | Lair:5   | Killed Snorg
 19346 | Lair:5   | Reached skill level 14 in Polearms
 19729 | Lair:6   | Entered Level 6 of the Lair of Beasts
 20941 | Lair:6   | Found a viscous altar of Jiyva.
 20941 | Lair:6   | Found a staircase to the Slime Pits.
 21284 | Lair:6   | Noticed a dire elephant
 21292 | Lair:6   | Killed a dire elephant
 21551 | Lair:6   | Gained mutation: You are mostly covered in rugged brown
                  | scales. (AC +2, +5% HP) [demonic ancestry]
 21551 | Lair:6   | Reached XP level 14. HP: 75/119 MP: 20/24
 22421 | Lair:6   | Cast into level 2 of the Abyss (a wizard)
 22431 | Abyss:2  | Found a corrupted altar of Lugonu.
 22491 | Abyss:2  | Found a stormy altar of Qazlal.
 22616 | Abyss:2  | Noticed a tentacled starspawn
 22622 | Abyss:2  | Killed a tentacled starspawn
 22679 | Abyss:2  | Noticed a tentacled starspawn
 22698 | Abyss:2  | Killed a tentacled starspawn
 22698 | Abyss:2  | Reached skill level 15 in Polearms
 22701 | Abyss:2  | Killed from afar by a wretched star

Levels and vault maps discovered:
D:1:      dpeg_arrival_rooms_a, layout_basic
D:2:      layout_loops_corners, lemuel_crystal_altar, dancing_weapons_uskayaw,
          uniq_terence
D:3:      layout_loops_corners, vehumet_crystals,
          chequers_ecumenical_altar_simple, lightli_corner_chamber
D:4:      layout_basic, marbit_many_paths, minmay_temple_entry_nine_rooms,
          serial_shops, nicolae_shop_trees
D:5:      layout_basic, first_ration, uniq_menkaure
D:6:      layout_loops_cross, lemuel_doored_altar
D:7:      layout_rooms, amethyst_overflow_temple_binary, uniq_joseph
D:8:      layout_basic, nicolae_tso_swordbearing_angel, erik_lair_dragon
D:9:      layout_gridville, kennysheep_mini, kennysheep_mini_moat,
          grunt_livestock, minmay_misc_feat_five,
          chequers_serial_rivers_micro_b, hangedman_decor_diamond_cutter
D:10:     layout_irregular_city, lemuel_mausoleum_altar_yredelemnul,
          uniq_gastronok, uniq_nergalle
Lair:1:   layout_regular_city, chequers_serial_rivers_large_a, st_stairs_8
Lair:2:   layout_roguey, small_statue_intersection, kennysheep_abandoned_house,
          infiniplex_staircase_pool_2
Lair:3:   layout_misc_corridors, elwin_shoals_entry_rooms,
          grunt_forest_large_clearings
Lair:4:   layout_concentric_octagons, spider_nest_entry_web_field, minivault_19,
          grunt_forest_small_clearings
Lair:5:   layout_regular_city, gauntlet_entry_generic, wad_woods_01,
          lemuel_fruit_tree, grunt_megastairs_4, uniq_snorg
Lair:6:   evil_forest, layout_regular_city, slime_altar_1, minmay_hedge_maze,
          chequers_serial_rivers_small_a
Abyss:2:  base:
D:5

Skill      XL: |  1  2  3  4  5  6  7  8  9 10 11 12 13 14 |
---------------+-------------------------------------------+-----
Polearms       | 3 4 5 6 7 9 11 12 13 14 15 | 15.0
Shields        | 1 2 3 4 |  4.0
Invocations    | 1 2 3 4 6 8 10 11 13 14 | 14.6
Fighting       | 4 5 6 7 8 10 11 12 | 12.1
Armour         | 2 5 6 7 |  7.2
Dodging        | |  2.7
Stealth        | |  1.7

Action                   |  1- 3 |  4- 6 |  7- 9 | 10-12 | 13-15 || total
-------------------------+-------+-------+-------+-------+-------++-------
Melee: Spear             |   120 |   145 |       |       |       ||   265
       Kick              |    18 |    38 |    63 |   215 |    78 ||   412
       Trident           |       |    41 |   287 |   754 |     9 ||  1091
       Unarmed           |       |       |       |    20 |       ||    20
       Bardiche          |       |       |       |       |   227 ||   227
Invok: Wall of Briars    |     1 |       |     3 |     1 |       ||     5
       Grow Ballistomyce |       |       |     1 |     1 |     4 ||     6
       Overgrow          |       |       |       |     5 |     1 ||     6
  Use: Potion            |     3 |     1 |       |       |     1 ||     5
       Scroll            |       |    12 |     6 |     6 |     9 ||    33
 Stab: Sleeping          |     4 |       |       |       |       ||     4
       Distracted        |       |     1 |       |     3 |       ||     4
       Confused          |       |       |       |     8 |     2 ||    10
  Eat: Chunk             |     3 |    10 |     9 |    24 |    10 ||    56
       Ration            |       |       |     1 |     2 |     2 ||     5
Armor: Robe              |     5 |       |       |       |       ||     5
       Ring mail         |     7 |    12 |       |       |       ||    19
       Chain mail        |       |    45 |   129 |   248 |       ||   422
       Skin              |       |    16 |    12 |     2 |       ||    30
       Plate armour      |       |       |       |       |   201 ||   201
Dodge: Dodged            |    46 |    41 |    53 |   159 |   113 ||   412
Block: Buckler           |    16 |    24 |    48 |   127 |       ||   215
